 Dungeon Crawl Stone Soup version 0.31-a0-236-g9a0961fb85 (webtiles) character file.

Game seed: 7848296710594757635

137 qw the Shooter (level 5, -3/45 HPs)
             Began as a Minotaur Hexslinger on July 10, 2023.
             Slain by an ogre
             ... wielding a +0 giant club
              (21 damage)
             ... on level 3 of the Dungeon.
             The game lasted 00:01:00 (2885 turns).

qw the Shooter (Minotaur Hexslinger)                Turns: 2885, Time: 00:01:01

Health: -3/45      AC:  4    Str: 10 (12) XL:     5   Next: 0%
Magic:  5/5        EV: 12    Int:  7 (10) God:
Gold:   176        SH:  0    Dex: 19 (21) Spells: 5/6 levels left

rFire   . . .        Y - +1 sling
rCold   . . .        (no shield)
rNeg    . . .        j - +0 leather armour
rPois   .            (helmet restricted)
rElec   .            d - +0 cloak
rCorr   .            (no gloves)
SInv    .            (no boots)
Will    .....        (no amulet)
Stlth   +            g - +6 ring of dexterity
HPRegen 0.27/turn    (no ring)
MPRegen 0.09/turn

%: no passive effects
@: no status effects
A: horns 2, retaliatory headbutt
a: no special abilities


You were on level 3 of the Dungeon.
You visited 1 branch of the dungeon, and saw 4 of its levels.

You collected 176 gold pieces.


Innate Abilities, Weirdness & Mutations

You have a pair of horns on your head.
You reflexively headbutt those who attack you in melee.


   Skills:
 - Level 3.1 Fighting
 + Level 5.0 Ranged Weapons
 - Level 2.1 Dodging
 - Level 1.0 Spellcasting
 - Level 2.0 Hexes


You had 5 spell levels left.
You knew the following spells:

 Your Spells              Type           Power      Damage    Failure   Level
a - Slow                  Hex            12%        N/A       26%         1

Your spell library contained the following spells:

 Spells                   Type           Power      Damage    Failure   Level
 Inner Flame              Hex/Fire       1%         N/A       75%         3
 Portal Projectile        Hex/Tloc       2%         N/A       75%         3
 Cause Fear               Hex            1%         N/A       94%         4

Inventory:

Hand Weapons
 Y - a +1 sling (weapon)
Armour
 d - a +0 cloak (worn)
 j - a +0 leather armour (worn)
Jewellery
 g - a +6 ring of dexterity (left hand)
Scrolls
 l - a scroll of teleportation
Potions
 a - a potion of cancellation {unknown}
 b - a potion of magic {unknown}
 e - a potion of haste {unknown}
 f - a potion of curing
 h - a potion of ambrosia {unknown}
 m - a potion of berserk rage {unknown}

Dungeon Overview and Level Annotations

Branches:
Dungeon (4/15)
 Temple: D:4-7

Altars:
Nemelex Xobeh

Shops:
D:1 (


Message History

Really abort (and waste the scroll)?
Done exploring.
2865 ||| DRINKING 2 bubbling silvery potions.
It was a potion of degeneration.
There was something very wrong with that liquid.
You feel weakened.
You feel dopey.
You feel clumsy.
Done exploring.
2866 ||| DROPPING potion of degeneration.
You drop a potion of degeneration.
Done exploring.
(D) Dungeon
Where to? (* - list waypoints, Enter - D:3, ? - help)
What level of the Dungeon? (default 1, ? - help)
There is a stone staircase leading down here.
You climb downwards.
Found 19 gold pieces and a scroll of poison.
Found a stone staircase leading down.
There is a stone staircase leading up here.
An ogre is nearby!
Waypoint 3 assigned to D:4.
You shoot a sling bullet. The sling bullet hits the ogre.
The ogre shouts!
The ogre is lightly wounded.
You hear an angry hiss.
You shoot a sling bullet. The sling bullet hits the ogre.
The ogre is moderately wounded.
The ogre hits you with a +0 giant club!
2881 ||| STAIRDANCE You climb upwards.
There is a stone staircase leading down here.
You shoot a sling bullet.
The sling bullet completely misses the ogre.
The ogre hits you with a +0 giant club!
You shoot a sling bullet.
The sling bullet closely misses the ogre.
The ogre misses you. You furiously retaliate!
You headbutt the ogre! You shoot a sling bullet.
The sling bullet hits the ogre.
The ogre is severely wounded.
The ogre hits you with a +0 giant club!!
You die...

#.#..###.#.###..#.##.###(#...#
##........#.....##.##....###...
##...<.##.###.......##)###.#...#
#.......#.......###...........##
#..............................#
#.......######..###.##)#######.#
##.....## ##..# #.##..# #..
##...## #...# #.###.# #.# ##.##
##.@###.# #)# #.# #.# #O.##..#
#.# #.#
#.#########..##.####.######.#
#.#...............#.........#
#.#.#######.......#..##......
##%..# #........#.##.#.#.#
#.%..## #.....).#.....#.#..
####...#.## #[......##.####.##.
.......##<# #)###.####.# #....


You could see an ogre.

Vanquished Creatures
  Robin (D:3)
  5 adders
  2 worms
  A dart slug (D:1)
  5 orcs (D:3)
  5 ball pythons
  3 bats
  7 endoplasms
  12 goblins
  7 hobgoblins
  2 jackals (D:3)
  9 kobolds
  3 frilled lizards
  4 rats
66 creatures vanquished.

Notes
Turn   | Place    | Note
-------+----------+-------------------------------------------
     0 | D:1      | qw the Minotaur Hexslinger began the quest for the Orb.
     0 | D:1      | Reached XP level 1. HP: 16/16 MP: 1/1
     0 | D:1      | 0 ||| qw: Version: 0.3-a-52-g30416fa
     0 | D:1      | 0 ||| qw: Game counter: 4875
     0 | D:1      | 0 ||| qw: Melee chars always use a shield: true
     0 | D:1      | 0 ||| qw: God list: Okawaru
     0 | D:1      | 0 ||| qw: Allow faded altars: false
     0 | D:1      | 0 ||| qw: Do Orc after clearing Dungeon:15 true
     0 | D:1      | 0 ||| qw: Do second Lair branch before Depths: true
     0 | D:1      | 0 ||| qw: Lair rune preference: random
     0 | D:1      | 0 ||| qw: Goals: Normal
     0 | D:1      | 0 ||| PLANNING D:1-11
   107 | D:1      | Reached skill level 3 in Ranged Weapons
   291 | D:1      | Reached XP level 2. HP: 23/23 MP: 2/2
   328 | D:1      | Found Zojem's Weapon Emporium.
   335 | D:1      | 335 ||| SHOPLISTING +0 heavy sling (47 gold, have 38).
   355 | D:1      | 355 ||| FLEEEEING.
   701 | D:1      | 701 ||| UPGRADING to +0 cloak.
   706 | D:1      | 706 ||| READING scroll labelled DERIADD RUMEY.
   707 | D:1      | 707 ||| READING scroll labelled KULEHY PUPU.
   712 | D:1      | 712 ||| DRINKING 2 white potions.
   713 | D:1      | 713 ||| DROPPING scroll of poison.
   767 | D:2      | Reached XP level 3. HP: 29/29 MP: 3/3
  1345 | D:2      | Reached skill level 4 in Ranged Weapons
  1400 | D:2      | Reached XP level 4. HP: 29/36 MP: 4/4
  1785 | D:2      | 1785 ||| UPGRADING to +0 leather armour.
  1795 | D:2      | 1795 ||| DROPPING +0 robe.
  1796 | D:2      | 1796 ||| READING scroll labelled ELAOMAM HASAE.
  1797 | D:2      | 1797 ||| READING scroll labelled HUATHR DOROTEI.
  2121 | D:3      | Reached skill level 5 in Ranged Weapons
  2185 | D:3      | Found a faded altar of an unknown god.
  2442 | D:3      | Noticed Robin
  2458 | D:3      | Killed Robin
  2459 | D:3      | Reached skill level 3 in Fighting
  2484 | D:3      | 2484 ||| FLEEEEING.
  2485 | D:3      | 2485 ||| FLEEEEING.
  2486 | D:3      | 2486 ||| FLEEEEING.
  2487 | D:3      | 2487 ||| FLEEEEING.
  2488 | D:3      | 2488 ||| FLEEEEING.
  2783 | D:3      | Found a sparkling altar of Nemelex Xobeh.
  2788 | D:3      | Reached XP level 5. HP: 45/45 MP: 5/5
  2788 | D:3      | 2788 ||| UPGRADING to +6 ring of dexterity.
  2789 | D:3      | 2789 ||| READING scroll labelled APHU RYMEUNG.
  2864 | D:3      | 2864 ||| READING scroll labelled WIMAYB LOEPS.
  2865 | D:3      | 2865 ||| DRINKING 2 bubbling silvery potions.
  2866 | D:3      | 2866 ||| DROPPING potion of degeneration.
  2878 | D:4      | Noticed an ogre
  2881 | D:4      | 2881 ||| STAIRDANCE
  2885 | D:3      | Slain by an ogre

Levels and vault maps discovered:
D:1:      amcnicky_arrival_gap_in_the_tavern_cellar, layout_basic, serial_shops,
          nicolae_shop_bloodbath_and_beyond, st_stairs_4
D:2:      layout_basic
D:3:      layout_loops_ring, nemelex_dance_club_becter,
          chequers_ecumenical_altar_grove, uniq_robin
D:4:      layout_loops_cross

Skill      XL: |  1  2  3  4 |
---------------+-------------+-----
Ranged Weapons | 3 4 5 |  5.0
Fighting       | 2 3 |  3.1
Dodging        | |  2.1
Spellcasting   | |  1.0
Hexes          | |  2.0

Action                     |  1- 3 |  4- 6 || total
---------------------------+-------+-------++-------
   Fire: Sling             |   129 |   110 ||   239
    Use: Scroll            |     2 |     4 ||     6
         Potion            |     1 |     1 ||     2
 Armour: Robe              |     9 |       ||     9
         Leather armour    |       |    17 ||    17
  Dodge: Dodged            |    37 |    25 ||    62

Table legend:
 A = Non-vault XP
 B = Vault XP
 C = Vault XP percentage of total XP
 D = Non-vault monster count
 E = Vault monster count
 F = Vault count percentage of total count
                 A         B        C        D         E       F
            +---------+---------+-------+---------+---------+-------
      Total |     147 |      50 |  25.4 |      48 |      18 |  27.3
            +---------+---------+-------+---------+---------+-------
        D:1 |      29 |       8 |  21.6 |      18 |       3 |  14.3
        D:2 |      72 |       0 |   0.0 |      14 |       0 |   0.0
        D:3 |      46 |      42 |  47.7 |      16 |      15 |  48.4
            +---------+---------+-------+---------+---------+-------
